 Dungeon Crawl Stone Soup version 0.24.1-8-ga250c9d538 (webtiles) character file.

Game seed: 7180718505508812134, levelgen mode: deterministic

58 H0rd4k the Magician (level 3, -1/19 HPs)
             Began as a Deep Elf Wizard on Apr 27, 2020.
             Slain by a river rat (5 damage)
             ... on level 3 of the Dungeon.
             The game lasted 00:04:57 (2161 turns).

H0rd4k the Magician (Deep Elf Wizard)               Turns: 2161, Time: 00:04:58

Health: -1/19      AC:  2    Str:  4    XL:     3   Next: 75%
Magic:  4/12       EV: 13    Int: 23    God:
Gold:   56         SH:  0    Dex: 13    Spells: 1/13 levels left

rFire    . . .     SeeInvis .   (no weapon)
rCold    . . .     Gourm    .   (no shield)
rNeg     . . .     Faith    .   a - +0 robe
rPois    .         Spirit   .   b - +0 hat
rElec    .         Reflect  .   (no cloak)
rCorr    .         Harm     .   (no gloves)
MR       .....                  (no boots)
Stlth    ++........             (no amulet)
HPRegen  0.06/turn              (no ring)
MPRegen  0.13/turn              (no ring)

@: no status effects
A: no striking features
a: no special abilities


You were on level 3 of the Dungeon.
You were hungry.

You visited 1 branch of the dungeon, and saw 3 of its levels.

You collected 56 gold pieces.

Inventory:

Armour
 a - a +0 robe (worn)
 b - a +0 hat (worn)
 j - a +2 helmet of see invisible
Jewellery
 m - an uncursed ring of poison resistance {unknown}
Wands
 o - a wand of polymorph (5)
Scrolls
 c - 4 scrolls of teleportation {unknown}
 f - a scroll of magic mapping {unknown}
 h - a scroll of amnesia {unknown}
 n - 3 scrolls of identify {unknown}
Potions
 e - 2 potions of lignification {unknown}
 g - a potion of resistance {unknown}
 i - a potion of flight {unknown}
 k - a potion of cancellation {unknown}
 l - a potion of curing {unknown}
Comestibles
 d - 4 rations
 p - a chunk of flesh


   Skills:
 + Level 3.2 Dodging
 + Level 2.7 Stealth
 + Level 5.5 Spellcasting
 + Level 2.0 Conjurations
   Level 1.1 Summonings
 + Level 1.1 Translocations


You had one spell level left.
You knew the following spells:

 Your Spells              Type           Power        Failure   Level  Hunger
a - Magic Dart            Conj           ###.         4%          1    None
b - Blink                 Tloc           N/A          9%          2    None
c - Conjure Flame         Conj/Fire      ##......     19%         3    ##.....
d - Mephitic Cloud        Conj/Pois/Air  #.......     21%         3    ##.....
e - Gell's Gravitas       Tloc           ##........   17%         3    ##.....

Your spell library contained the following spells:

 Spells                   Type           Power        Failure   Level  Hunger
 Confusing Touch          Hex            #.....       9%          1    None
 Call Imp                 Summ           ##......     9%          2    None
 Slow                     Hex            #.......     14%         2    None
 Confuse                  Hex            #.......     26%         3    ##.....
 Petrify                  Tmut/Erth      #.......     65%         4    ####...
 Metabolic Englaciation   Hex/Ice        #.........   94%         5    #####..
 Yara's Violent Unravell  Hex/Tmut       #.........   94%         5    #####..


Dungeon Overview and Level Annotations

Branches:
Dungeon (3/15)

Altars:
Fedhas
Trog

Portals:
Sewer: D:3

Annotations:
D:1 exclusion: downstairs
D:2 Robin


Message History

Aim: a river rat (severely wounded)
The magic dart hits the river rat but does no damage.
The river rat is severely wounded.
Casting: Magic Dart (safe; 4% risk of failure)
Confirm with . or Enter, or press ? or * to list all spells.
Aiming: Magic Dart (safe; 4% risk of failure)
Press: ? - help, Shift-Dir - straight line, f/p - river rat
Aim: a river rat (severely wounded)
The magic dart hits the river rat but does no damage.
The river rat is severely wounded.
The river rat completely misses you.
Casting: Magic Dart (safe; 4% risk of failure)
Confirm with . or Enter, or press ? or * to list all spells.
Aiming: Magic Dart (safe; 4% risk of failure)
Press: ? - help, Shift-Dir - straight line, f/p - river rat
Aim: a river rat (severely wounded)
The magic dart hits the river rat.
The river rat is severely wounded.
The river rat bites you.
You die...

###'#≈≈..#
#≈≈≈≈≈...#
#≈≈≈w≈...#
#≈≈≈.....#
#....†...#
####sr####
##r# #r#
#@# #.#
#.# #.#
#.# #.#
#.# #.#
#.#


You could see a worm, a river rat, a giant cockroach and 2 rats.

Vanquished Creatures
  An ooze (D:3)
  2 leopard geckos
  5 orcs (D:3)
  2 ball pythons (D:3)
  2 bats
  5 giant cockroaches
  10 goblins
  3 hobgoblins
  A quokka (D:2)
  2 frilled lizards (D:1)
  2 kobolds
  9 rats
44 creatures vanquished.

Notes
Turn   | Place    | Note
-------+----------+-------------------------------------------
     0 | D:1      | H0rd4k the Deep Elf Wizard began the quest for the Orb.
     0 | D:1      | Reached XP level 1. HP: 10/10 MP: 7/7
   480 | D:1      | Reached XP level 2. HP: 15/15 MP: 6/9
  1044 | D:2      | Found a blossoming altar of Fedhas.
  1062 | D:2      | Noticed Robin
  1080 | D:2      | Reached skill level 5 in Spellcasting
  1630 | D:2      | Reached XP level 3. HP: 19/19 MP: 3/11
  1714 | D:3      | Learned a level 2 spell: Blink
  1718 | D:3      | Learned a level 3 spell: Conjure Flame
  1722 | D:3      | Learned a level 3 spell: Mephitic Cloud
  1726 | D:3      | Learned a level 3 spell: Gell's Gravitas
  1876 | D:3      | Found a bloodstained altar of Trog.
  2147 | D:3      | Found a glowing drain.
  2161 | D:3      | Slain by a river rat

Levels and vault maps discovered:
D:1:      dpeg_arrival_brainrot, layout_loops_corners
D:2:      layout_basic, lemuel_doored_altar, serial_rivers,
          chequers_serial_rivers_small_3, chequers_serial_rivers_marsh,
          chequers_serial_rivers_small_a, chequers_serial_rivers_small_b,
          chequers_serial_rivers_small_b, uniq_robin
D:3:      layout_rooms, lightli_temple_of_fire, portal_sewer_entry_e

Skill      XL: |  1  2  3 |
---------------+----------+-----
Spellcasting   | 5 |  5.5
Dodging        | 3 |  3.2
Conjurations   | 2 |  2.0
Stealth        | |  2.7
Summonings     | |  1.1
Translocations | |  1.1

Action                   || total
-------------------------++-------
Melee: Unarmed           ||     2
 Cast: Magic Dart        ||   116
       Blink             ||     1
  Eat: Chunk             ||     3
Armor: Robe              ||     7
Dodge: Dodged            ||    39
